Map: Shadowed Jungle

Players

Flea

  • Race: Terran Terran
  • League: Platinum
  • Spawn Location: 11:00

Newhands

  • Race: Zerg Zerg
  • Spawn Location: 1:00

Metasapien

  • Race: Zerg Zerg
  • League: Platinum
  • Spawn Location: 7:00

TheLifeguard

  • Race: Zerg Zerg
  • League: Platinum
  • Spawn Location: 5:00

VOD

Have the link to the VOD?

Description

Time

  • Played on: Sept. 18, 2017, 1:49 a.m.
  • Length: 16:56
Show
View Real Time Build Order
Export as new Build Order

Flea Terran 

Build Orders: MMM Bio 

Get SALT Encoding   

  12  0:00  SCV  
  13  0:13  SCV  
  14  0:18  Supply Depot  
  14  0:25  SCV  
  15  0:40  Barracks, SCV  
  16  0:52  SCV  
  17  0:58  Barracks  
  18  1:04  SCV  
  18  1:12  Barracks  
  18  1:16  SCV  
  19  1:28  SCV, Supply Depot  
  19  1:29  Marine  
  21  1:41  Barracks  
  21  1:46  Refinery  
  21  1:48  Marine  
  21  1:51  Marine  
  23  1:58  Marine  
  24  2:06  Supply Depot  
  24  2:08  Marine  
  24  2:09  Marine  
  26  2:16  Marine  
  26  2:20  Supply Depot  
  27  2:26  Marine  
  27  2:28  Marine  
  27  2:29  Marine  
  30  2:37  Marine  
  31  2:44  Marine  
  32  2:52  Marine x2  
  32  2:55  Marine  
  35  3:17  Marine x4  
  36  3:34  Marine  
  36  3:35  Marine x3  
  39  3:54  Command Center  
  39  3:59  Barracks Reactor x2  
  39  4:00  Barracks Tech Lab  
  39  4:06  Barracks Tech Lab  
  39  4:12  Orbital Command  
  39  4:14  Refinery  
  35  4:59  Marine  
  34  5:00  Marauder x2, Marine x3  
  40  5:18  Reaper  
  39  5:22  Marauder x2  
  33  5:42  Factory  
  33  5:47  Factory  
  33  5:48  SCV  
  34  5:51  Engineering Bay  
  34  6:08  Marine x2  
  34  6:09  Marauder x2, Marine  
  34  6:11  Stimpack  
  41  6:17  Combat Shields  
  36  6:43  Marauder, Marine x3  
  36  6:44  Marauder, Reaper  
  41  6:58  Factory Tech Lab x2, Supply Depot  
  41  7:00  SCV  
  42  7:05  Marauder  
  44  7:12  SCV  
  45  7:23  Siege Tank  
  48  7:33  SCV  
  49  7:39  Planetary Fortress  
  49  7:45  SCV  
  45  8:30  Missile Turret  
  45  8:32  Missile Turret  
  45  8:34  Missile Turret  
  43  8:36  Missile Turret  
  43  8:37  Missile Turret  
  43  8:38  Marine x6  
  43  8:39  Missile Turret  
  39  8:42  Missile Turret  
  37  8:53  SCV  
  37  8:54  SCV  
  39  8:58  Missile Turret  
  39  9:02  Missile Turret  
  39  9:05  Missile Turret  
  39  9:06  SCV  
  39  9:14  SCV  
  40  9:18  Marine x2  
  42  9:25  Missile Turret  
  42  9:27  SCV x2  
  42  9:30  Marine  
  45  9:31  Widow Mine  
  41  9:46  Marauder, Marine x2  
  37  9:56  Marine x2  
  37  9:57  Marauder  
  40  10:04  Marine  
  36  10:14  Marine x2  
  31  10:18  Marauder  
  25  10:32  SCV x2  
  26  10:40  Marauder  
  28  10:44  SCV x2  
  28  10:46  Marine x4  
  34  10:56  SCV x2  
  36  10:58  Marine  
  36  11:00  Widow Mine, Marine  
  36  11:04  Marine  
  40  11:08  SCV x2  
  43  11:12  Refinery  
  43  11:16  Refinery, Marine  
  44  11:19  Marine x2  
  46  11:38  Widow Mine, Supply Depot  
  46  11:39  SCV  
  49  11:41  Supply Depot  
  49  11:43  SCV, Supply Depot  
  50  11:51  SCV  
  50  11:53  Marine x2  
  53  11:55  SCV  
  53  11:59  Marine x2  
  56  12:03  SCV  
  56  12:07  SCV  
  58  12:09  Marauder, Marine  
  61  12:16  Factory Reactor  
  61  12:19  Siege Tank  
  64  12:34  Starport  
  64  12:35  SCV  
  65  12:37  Starport  
  65  12:48  Barracks Reactor  
  65  12:49  Concussive Shells  
  65  12:56  Terran Infantry Weapons Level 1  
  65  12:58  Siege Tank  
  68  13:00  SCV x2  
  68  13:05  Marine x2  
  70  13:06  Supply Depot  
  70  13:08  Widow Mine  
  70  13:11  Widow Mine  
  76  13:23  Starport Tech Lab, Starport Reactor  
  76  13:25  SCV  
  67  13:56  Medivac, Marine  
  67  13:57  Marauder, Marine  
  67  13:59  Marine x2  
  67  14:00  Widow Mine x3  
  80  14:11  Marine  
  80  14:12  Marine  
  80  14:15  Medivac  
  84  14:18  Marauder  
  86  14:28  Widow Mine x2  
  88  14:40  Marauder  
  88  14:44  Medivac x2  
  88  14:45  Marine x2  
  96  15:01  Marauder  
  98  15:09  Command Center  
  98  15:13  Marine x3  
  98  15:14  Marine  
  102  15:15  Marine x2  
  97  15:23  Marauder  
  85  15:31  Marine  
  84  15:43  Medivac x3, Marine x3  
  84  15:44  Marauder  
  93  16:05  Marauder  
  94  16:12  Reaper, Marine x2  
  94  16:13  Medivac x2, Marine  
  101  16:20  Medivac  
Show
View Real Time Build Order
Export as new Build Order

Newhands Zerg 

Build Orders: Pool First 

Get SALT Encoding   

  12  0:20  Spawning Pool  
  11  0:22  Extractor  
  11  0:24  Drone  
  11  0:29  Drone  
  11  0:35  Drone  
  13  0:43  Drone  
  14  0:52  Overlord  
  14  1:10  Zergling x2  
  14  1:11  Zergling x2  
  16  1:22  Zergling x2, Baneling Nest  
  16  1:30  Zergling x2  
  18  1:32  Queen  
  20  1:41  Zergling x2, Baneling Nest  
  20  1:50  Overlord  
  21  2:01  Zergling x2  
  21  2:12  Zergling x2  
  22  2:28  Zergling x2  
  23  2:34  Baneling x4  
  23  2:35  Zergling x2  
  24  2:44  Zergling x2  
  24  2:48  Baneling x2  
  24  2:50  Baneling  
  25  2:55  Drone  
  26  2:59  Zergling x6  
  28  3:17  Drone  
  29  3:20  Drone  
  30  3:40  Hatchery  
  30  3:41  Overlord  
  29  3:44  Drone  
  30  3:57  Spore Crawler  
  29  4:05  Drone x2  
  31  4:14  Zergling x2  
  32  4:18  Spine Crawler  
  29  4:39  Zergling x4  
  28  4:55  Zergling x2  
  28  4:57  Zergling x2  
  27  5:01  Baneling x7  
  27  5:10  Zergling x4  
  27  5:11  Zergling x2  
  27  5:13  Metabolic Boost  
  29  5:19  Zergling x4  
  27  5:25  Zergling x2  
  28  5:32  Drone  
  29  5:42  Lair  
  28  5:43  Drone  
  29  5:51  Baneling x2  
  29  5:55  Spine Crawler  
  28  6:01  Zergling x4  
  30  6:06  Drone x2  
  32  6:14  Drone x2  
  34  6:25  Spine Crawler  
  34  6:29  Zergling x4  
  35  6:34  Zergling x2  
  36  6:46  Zergling x4  
  37  6:49  Drone  
  37  6:50  Drone x2  
  40  6:54  Drone, Extractor  
  40  7:03  Hydralisk Den  
  40  7:06  Zergling x4  
  41  7:18  Zergling x4  
  43  7:24  Overlord  
  43  7:30  Drone  
  43  7:31  Overlord x2  
  43  7:43  Muscular Augments  
  43  7:48  Drone  
  43  7:50  Spore Crawler  
  43  7:52  Overseer  
  43  7:57  Drone  
  43  7:58  Drone  
  45  8:02  Drone  
  45  8:03  Spore Crawler  
  44  8:15  Drone x4  
  44  8:16  Drone  
  44  8:19  Drone  
  48  8:25  Hydralisk  
  48  8:27  Drone  
  48  8:31  Spore Crawler  
  43  8:36  Hydralisk  
  40  8:47  Hydralisk x2  
  42  8:55  Drone  
  42  9:00  Roach Warren, Spore Crawler  
  42  9:02  Drone x2  
  42  9:09  Overlord  
  42  9:14  Hydralisk  
  44  9:22  Hydralisk  
  46  9:25  Hydralisk  
  46  9:29  Spore Crawler  
  47  9:33  Hydralisk  
  47  9:35  Spore Crawler  
  48  9:40  Hydralisk  
  50  9:49  Zergling x4  
  52  9:58  Hydralisk x2  
  52  9:59  Zergling x4  
  52  10:05  Zergling x2  
  52  10:06  Zergling x2  
  50  10:10  Zergling x2  
  50  10:11  Zergling x2  
  51  10:21  Hydralisk x2  
  55  10:32  Hydralisk  
  55  10:35  Zergling x2  
  56  10:46  Zergling x4  
  56  10:49  Extractor  
  54  10:59  Hydralisk x2  
  54  11:03  Drone  
  59  11:10  Drone  
  60  11:15  Overlord x2  
  60  11:19  Glial Reconstitution  
  60  11:28  Overlord x2  
  60  11:38  Zergling x4  
  62  11:45  Queen  
  64  11:49  Hatchery  
  64  11:51  Hydralisk  
  64  11:52  Hydralisk  
  67  12:03  Zergling x2  
  65  12:09  Zergling x2  
  65  12:12  Roach x2  
  62  12:19  Roach x2  
  48  12:31  Roach x2  
  52  12:37  Spine Crawler  
  52  12:40  Hydralisk  
  52  12:43  Hydralisk  
  55  12:46  Lurker Den  
  55  12:58  Hydralisk x2  
  55  13:01  Spore Crawler  
  55  13:04  Drone x2  
  60  13:12  Hydralisk  
  62  13:13  Evolution Chamber  
  61  13:22  Roach x3  
  61  13:24  Drone  
  67  13:38  Hydralisk x2  
  67  13:43  Hydralisk x2  
  67  13:47  Drone  
  72  13:52  Hydralisk  
  74  13:56  Drone  
  74  14:00  Hydralisk  
  77  14:07  Hydralisk  
  79  14:12  Drone x2  
  79  14:15  Hydralisk  
  83  14:20  Lurker x2  
  85  14:28  Hydralisk  
  85  14:30  Drone  
  85  14:31  Drone  
  89  14:43  Hydralisk  
  88  14:47  Overlord x2  
  88  15:04  Overlord x2  
  88  15:06  Spawning Pool  
  87  15:28  Hydralisk x4  
  94  15:37  Extractor  
  94  15:38  Hydralisk  
  95  15:57  Spore Crawler  
  95  15:58  Drone x2, Spore Crawler  
  92  16:06  Hydralisk x2  
  87  16:15  Spore Crawler  
  84  16:21  Hydralisk  
  86  16:29  Drone x2  
  86  16:31  Drone  
Show
View Real Time Build Order
Export as new Build Order

Metasapien Zerg 

Build Orders: Pool First 

Get SALT Encoding   

  12  0:02  Drone  
  13  0:23  Spawning Pool  
  13  0:25  Drone  
  13  0:30  Drone  
  14  0:36  Extractor  
  14  0:41  Overlord  
  13  0:51  Drone  
  14  1:00  Drone  
  14  1:01  Drone  
  16  1:26  Hatchery  
  16  1:29  Drone  
  16  1:35  Zergling x2  
  17  1:41  Metabolic Boost  
  17  1:46  Zergling x2  
  18  1:53  Drone  
  19  1:54  Drone  
  20  2:11  Zergling x2  
  21  2:19  Roach Warren  
  21  2:20  Extractor  
  19  2:25  Queen  
  21  2:31  Zergling x2  
  22  2:37  Overlord  
  22  2:48  Zergling x4  
  22  2:49  Zergling x2  
  25  2:57  Drone  
  26  2:59  Drone  
  26  3:05  Drone  
  24  3:29  Drone  
  24  3:30  Drone  
  25  3:47  Zergling x4  
  25  3:48  Roach x4  
  31  3:49  Roach  
  35  3:56  Drone  
  35  3:59  Overlord  
  36  4:10  Overlord  
  36  4:19  Drone  
  36  4:20  Drone x2  
  36  4:23  Queen  
  41  4:32  Roach x2  
  41  4:33  Roach  
  43  4:55  Roach x5  
  45  5:00  Zergling x4  
  47  5:41  Drone x3  
  47  5:42  Drone x2  
  52  5:48  Overlord  
  52  5:49  Overlord x2  
  50  5:59  Lair  
  50  6:03  Hatchery  
  49  6:05  Ravager x2  
  49  6:06  Ravager  
  52  6:17  Overlord x2  
  52  6:19  Drone x3  
  36  6:49  Drone x2  
  36  6:50  Drone x2  
  36  6:51  Drone x2  
  36  6:52  Roach  
  44  7:00  Pneumatized Carapace  
  44  7:02  Extractor  
  44  7:04  Extractor  
  44  7:06  Spine Crawler  
  44  7:07  Spine Crawler, Roach x2  
  44  7:12  Hydralisk Den  
  44  7:15  Drone  
  44  7:20  Roach  
  46  7:33  Roach x5  
  46  7:34  Roach x2  
  60  7:38  Glial Reconstitution  
  60  7:48  Roach  
  60  8:00  Hatchery  
  60  8:03  Roach x4  
  65  8:15  Hydralisk x2  
  65  8:16  Roach x3  
  71  8:28  Zergling x6  
  71  8:29  Zergling x2  
  69  8:49  Hydralisk x4  
  69  8:50  Hydralisk x2  
  69  8:54  Queen  
  83  9:03  Zergling x4  
  85  9:12  Queen  
  85  9:13  Drone  
  85  9:14  Drone x3  
  91  9:24  Overseer  
  91  9:28  Overlord x2  
  91  9:29  Drone x4  
  77  9:46  Hydralisk x2  
  77  9:47  Roach x4  
  68  10:18  Hydralisk  
  68  10:19  Hydralisk x2, Roach x5  
  84  10:23  Drone x2  
  84  10:24  Drone x2  
  84  10:27  Extractor  
  81  10:32  Extractor  
  81  10:35  Infestation Pit  
  75  10:42  Drone  
  75  10:43  Drone x2  
  75  10:45  Roach x2, Hydralisk  
  75  10:57  Evolution Chamber  
  75  10:58  Drone x2, Evolution Chamber  
  75  10:59  Drone x2  
  75  11:02  Spine Crawler  
  76  11:04  Spine Crawler  
  76  11:07  Zergling x6  
  76  11:08  Zergling x8  
  76  11:09  Zergling x2  
  76  11:10  Drone  
  84  11:33  Overlord x3  
  84  11:34  Overlord  
  84  11:37  Hatchery  
  84  11:38  Roach x2  
  87  11:41  Zerg Ground Armor Level 1  
  87  11:44  Zerg Missile Weapons Level 1  
  87  11:59  Hydralisk  
  87  12:00  Roach x2  
  79  12:20  Hydralisk x2  
  79  12:21  Roach  
  79  12:23  Zergling x2  
  79  12:24  Zergling x14  
  87  12:35  Overseer  
  87  12:37  Overlord  
  87  12:38  Roach x2  
  87  12:43  Hatchery  
  90  12:49  Drone  
  90  12:50  Drone x2  
  90  12:51  Drone  
  93  13:00  Drone x3  
  96  13:11  Hydralisk  
  96  13:12  Roach x2, Hydralisk x2  
  106  13:13  Roach  
  106  13:15  Overlord  
  106  13:18  Overseer  
  100  13:42  Hydralisk x3  
  100  13:43  Roach x5  
  108  13:58  Hydralisk x2  
  108  13:59  Roach x3  
  108  14:00  Roach  
  114  14:15  Drone x2, Queen  
  118  14:21  Hydralisk x3  
  118  14:22  Roach x3  
  118  14:23  Zergling x2  
  118  14:24  Zergling x2  
  130  14:39  Overlord  
  130  14:40  Overlord x4  
  130  14:44  Zergling x4  
  132  15:00  Drone x2  
  132  15:02  Nydus Network  
  133  15:13  Zergling x28  
  128  15:27  Zergling x2  
  128  15:28  Zergling x6  
  86  15:34  Roach, Hydralisk x2  
  88  15:41  Roach, Hydralisk  
  88  15:42  Roach x2  
  98  15:43  Roach x5  
  106  15:50  Drone  
  106  15:51  Drone  
  106  15:52  Extractor  
  106  15:56  Extractor  
  102  16:01  Hydralisk x3  
  102  16:02  Roach x2  
  79  16:13  Hydralisk x3  
  79  16:14  Roach x2  
  72  16:23  Drone x2  
  72  16:24  Drone x2  
  67  16:29  Zergling x8  
  67  16:30  Zergling x6  
Show
View Real Time Build Order
Export as new Build Order

TheLifeguard Zerg 

Build Orders: Hatch First 

Get SALT Encoding   

  12  0:01  Drone  
  13  0:10  Drone  
  14  0:22  Extractor  
  14  0:24  Drone x2, Extractor  
  16  0:45  Hatchery  
  15  1:00  Spawning Pool  
  15  1:03  Extractor  
  13  1:07  Drone  
  14  1:12  Overlord  
  14  1:21  Overlord  
  14  1:48  Spine Crawler  
  14  1:51  Zergling x6  
  16  2:01  Spine Crawler  
  15  2:02  Zergling x2  
  15  2:08  Zergling x2  
  17  2:13  Zergling x2  
  18  2:19  Zergling x4  
  20  2:26  Drone  
  21  2:40  Drone  
  21  2:41  Drone x2  
  24  2:48  Drone  
  25  2:54  Drone  
  25  2:56  Overlord  
  22  3:24  Queen  
  22  3:25  Queen  
  26  3:30  Spine Crawler  
  25  3:38  Evolution Chamber  
  24  3:42  Zergling x10  
  29  4:14  Zergling x10  
  34  4:17  Metabolic Boost  
  31  4:52  Zergling x4  
  25  4:53  Zergling x8  
  25  4:55  Zergling x2  
  25  4:56  Zergling x6  
  27  5:05  Zergling x4  
  18  5:39  Extractor, Lair  
  18  5:41  Zergling x8  
  21  5:58  Spine Crawler  
  21  5:59  Drone  
  21  6:14  Drone x2  
  17  6:45  Spire  
  16  6:58  Drone x4  
  20  7:06  Spine Crawler  
  19  7:56  Mutalisk x4  
  27  8:03  Mutalisk  
  23  8:52  Mutalisk  
  23  8:53  Drone x4  
  23  8:54  Drone  
  30  9:20  Extractor  
  30  9:21  Overlord  
  29  9:30  Spine Crawler  
  24  10:00  Mutalisk  
  26  10:14  Mutalisk  
  26  10:16  Zergling x12  
  26  10:17  Zergling x2  
  33  11:00  Hatchery  
  32  11:08  Drone x3  
  35  11:42  Drone x2  
  35  11:43  Drone  
  27  12:25  Mutalisk  
  27  12:26  Mutalisk x4  
  27  12:29  Drone  
  38  12:44  Mutalisk  
  40  12:52  Drone x4  
  40  12:55  Overlord  
  44  13:13  Mutalisk  
  44  13:15  Overlord  
  44  13:17  Drone x3  
  49  13:46  Mutalisk x2  
  51  13:56  Drone x7  
  54  14:19  Queen, Extractor  
  55  14:24  Mutalisk  
  55  14:25  Mutalisk  
  55  14:31  Hatchery  
  58  14:44  Mutalisk  
  58  15:19  Extractor  
  57  15:24  Zergling x6  
  60  15:28  Overlord x2  
  60  15:29  Overlord  
  50  16:05  Zergling x10  
  50  16:06  Zergling x14  
  62  16:15  Zergling x2  
  61  16:21  Baneling Nest  
  60  16:34  Zergling x12  
Tags
 
Add a new tag
Caveats
  • Supply blocks, unpowered buildings, or Contaminate may cause inaccurate times.
  • Supply counts are checked every 10 seconds.